 Dungeon Crawl Stone Soup version 0.21-a0-238-geb0acef (webtiles) character file.

44 Blomdor the Magician (level 3, 0/28 HPs)
             Began as a Barachi Wizard on Sept 3, 2017.
             Succumbed to an adder's poison
             ... on level 1 of the Dungeon.
             The game lasted 00:02:45 (2058 turns).

Blomdor the Magician (Barachi Wizard)               Turns: 2058, Time: 00:02:45

Health: 0/28       AC:  2    Str:  7 (9)  XL:     3   Next: 60%
Magic:  4/7        EV: 12    Int: 17 (18) God:
Gold:   53         SH:  0    Dex:  9 (10) Spells: 7/8 levels left

rFire    . . .     SeeInvis .   e - +0 spear
rCold    . . .     Gourm    .   (no shield)
rNeg     . . .     Faith    .   a - +0 robe
rPois    .         Spirit   .   b - +0 hat
rElec    .         Reflect  .   (no cloak)
rCorr    .         Harm     .   (no gloves)
MR       .....                  (no boots)
Stlth    ++........             (no amulet)
HPRegen  0.09/turn              (no ring)
MPRegen  0.10/turn              (no ring)

@: lethally poisoned (0 -> -7), very slightly contaminated, slow
A: +LOS, swims, slowness 1, strong legs 1
a: Hop


You were on level 1 of the Dungeon.
You were very hungry.

You visited 1 branch of the dungeon, and saw 2 of its levels.

You collected 53 gold pieces.

Inventory:

Hand Weapons
 e - a +0 spear (weapon)
Armour
 a - a +0 robe (worn)
 b - a +0 hat (worn)
 k - a +0 chain mail
Scrolls
 g - 2 scrolls of teleportation
Potions
 f - a potion of haste
 i - a potion of cancellation
 j - a potion of degeneration
Books
 c - a book of Minor Magic

   Spells                             Type                      Level
   a - Magic Dart                     Conjuration                  1
   b - Blink                          Translocation                2
   c - Call Imp                       Summoning                    2
   d - Slow                           Hexes                        2
   e - Conjure Flame                  Conjuration/Fire             3
   f - Mephitic Cloud                 Conjuration/Poison/Air       3
Comestibles
 d - a bread ration
 l - a meat ration


   Skills:
 * Level 2.7 Fighting
 + Level 2.0 Armour
 - Level 2.3 Dodging
 - Level 1.7 Stealth
 - Level 3.2 Spellcasting
 - Level 1.1 Conjurations
   Level 1.2 Summonings
   Level 1.1 Translocations


You had 7 spell levels left.
You knew the following spells:

 Your Spells              Type           Power        Failure   Level  Hunger
a - Magic Dart            Conj           #...         11%         1    None


Dungeon Overview and Level Annotations

Branches:
Dungeon (2/15)

Altars:
Qazlal


Innate Abilities, Weirdness & Mutations

Shadows flee at your approach. (+LOS)
You can swim through water.
You cover ground slowly.
You can hop short distances.


Message History

Confirm with . or Enter, or press ? or * to list all spells.
Aiming: Magic Dart
Press: ? - help, Shift-Dir - straight line, f/p - adder
Aim: an adder (lightly wounded)
The magic dart hits the adder.
The adder is moderately wounded.
The adder bites you.
* * * LOW HITPOINT WARNING * * *
You are lethally poisoned!
The adder poisons you!
Okay, then.
Casting: Magic Dart
Confirm with . or Enter, or press ? or * to list all spells.
Aiming: Magic Dart
Press: ? - help, Shift-Dir - straight line, f/p - adder
Aim: an adder (moderately wounded)
You miscast Magic Dart.
You are very lightly contaminated with residual magic.
Nothing appears to happen.
You die...

#.#.###.# #.# # #.......#
#.# # ###.##### ##.## #
#.# ######...######## #
#.# #.........#.....# #
#.####.###....##.....###
#.......................
######.###.#####.รท...###
#.@S>.# #.....# #######
#######


You could see an adder.

Vanquished Creatures
  An adder (D:1)
  An ooze (D:1)
  A worm (D:1)
  3 leopard geckos (D:1)
  2 ball pythons (D:1)
  4 bats (D:1)
  3 goblins (D:1)
  4 hobgoblins (D:1)
  3 kobolds (D:1)
  2 rats (D:1)
24 creatures vanquished.

Notes
Turn   | Place    | Note
-------+----------+-------------------------------------------
     0 | D:1      | Blomdor the Barachi Wizard began the quest for the Orb.
     0 | D:1      | Reached XP level 1. HP: 13/13 MP: 4/4
     7 | D:1      | Found a stormy altar of Qazlal.
   449 | D:1      | Reached skill level 1 in Fighting
   449 | D:1      | Reached XP level 2. HP: 15/21 MP: 6/6
   465 | D:1      | Reached skill level 1 in Armour
  1130 | D:1      | Reached XP level 3. HP: 6/28 MP: 0/7
  2057 | D:1      | HP: 1/28 [adder (4)]
  2058 | D:1      | Succumbed to an adder's poison

Vault maps used:
D:1:      dpeg_arrival_lava_altar
D:2:      lemuel_crystal_altar

Skill      XL: |  1  2  3 |
---------------+----------+-----
Fighting       | 1 2 |  2.7
Armour         | 1 2 |  2.0
Dodging        | |  2.3
Stealth        | |  1.7
Spellcasting   | |  3.2
Conjurations   | |  1.1
Summonings     | |  1.2
Translocations | |  1.1

Action                   || total
-------------------------++-------
Melee: Unarmed           ||    12
       Spear             ||   143
 Cast: Magic Dart        ||    12
 Abil: Hop               ||     2
  Use: Potion            ||     3
       Scroll            ||     1
 Stab: Sleeping          ||     3
  Eat: Chunk             ||     3
Armor: Robe              ||    12
Dodge: Dodged            ||    93

Table legend:
 A = Spawn XP
 B = Non-spawn XP
 C = Spawn XP percentage of total XP
 D = Spawn monster count
 E = Non-spawn monster count
 F = Spawn count percentage of total count
 G = Total turns spent on level
                    A         B        C        D         E        F      G
               +---------+---------+-------+---------+---------+-------+---------
         Total |      18 |      45 |  28.6 |       3 |      21 |  12.5 |  2058
               +---------+---------+-------+---------+---------+-------+---------
           D:1 |      18 |      45 |  28.6 |       3 |      21 |  12.5 |  2054
               +---------+---------+-------+---------+---------+-------+---------
